TOP OF THE 1ST |
Cleveland (APP) Indians batting - Pitching for Baltimore (APP) Orioles : LHP Jeff Glover
|
Pitching: LHP Jeff Glover
|
|
Batting: RHB Quan Tai
|
0-0: Foul Ball, location: 2F 0-1: Ball 1-1: Ball 2-1: Fly out, F8 (Flyball, 8LS, EV 78.8 MPH)
|
Batting: LHB Mario Garza
|
0-0: Ground out 6-3 (Groundball, 6MD, EV 103.1 MPH)
|
Batting: RHB Xavier Bartolani
|
0-0: Called Strike 0-1: Fly out, F8 (Flyball, 8LD, EV 96.2 MPH)
|
Top of the 1st over - 0 runs, 0 hits, 0 errors, 0 left on base; Cleveland (APP) 0 - Baltimore (APP) 0 |
BOTTOM OF THE 1ST |
Baltimore (APP) Orioles batting - Pitching for Cleveland (APP) Indians : LHP Jim Longley
|
Pitching: LHP Jim Longley
|
|
Batting: RHB Mike Trueblood
|
0-0: Swinging Strike 0-1: Ball 1-1: Ball 2-1: Ball 3-1: Base on Balls
|
Batting: LHB Ivan Alvarez
|
0-0: Ball 1-0: SINGLE (Flyball, 6D, EV 83.8 MPH) Mike Trueblood to second
|
Batting: LHB Bryan Davidson
|
0-0: Foul Ball, location: 2F 0-1: Foul Ball, location: 2F 0-2: Foul Ball, location: 2F 0-2: Foul Ball, location: 2F 0-2: Fielders Choice at 2nd, 5-4 (Groundball, 56, EV 84.4 MPH) Mike Trueblood to third
|
Batting: RHB Aaron Elliott
|
0-0: Ball 1-0: Called Strike 1-1: Called Strike 1-2: SINGLE (Flyball, 34D, EV 80.6 MPH) Mike Trueblood scores Bryan Davidson to second
|
Batting: RHB Adam Beal
|
0-0: Swinging Strike 0-1: Ball 1-1: Called Strike 1-2: Foul Ball, location: 2F 1-2: Fly out, F7 (Flyball, 78S, EV 86.2 MPH)
|
Batting: LHB Robert Ortiz
|
0-0: Ball 1-0: Ball 2-0: Ball 3-0: Base on Balls Bryan Davidson to third Aaron Elliott to second
|
Batting: RHB Matt Wallace
|
0-0: Fly out, F9 (Flyball, 89XD, EV 86.2 MPH)
|
Bottom of the 1st over - 1 run, 2 hits, 0 errors, 3 left on base; Cleveland (APP) 0 - Baltimore (APP) 1 |
TOP OF THE 2ND |
Cleveland (APP) Indians batting - Pitching for Baltimore (APP) Orioles : LHP Jeff Glover
|
Batting: RHB Justin Teague
|
0-0: Ground out 5-3 (Groundball, 56, EV 105.6 MPH)
|
Batting: SHB Jay Rook
|
0-0: Ball 1-0: Fly out, F8 (Flyball, 8LXD, EV 100.6 MPH)
|
Batting: RHB Rob Marti
|
0-0: Called Strike 0-1: Ball 1-1: Ball 2-1: SOLO HOME RUN (Flyball, 7D, EV 104.4 MPH), Distance : 399 ft
|
Batting: RHB Luke Burnham
|
0-0: Called Strike 0-1: Ball 1-1: Ball 2-1: Ball 3-1: SINGLE (Groundball, 34D, EV 96.9 MPH)
|
Batting: RHB Cruz Castro
|
0-0: Ball 1-0: Ball 2-0: Ball 3-0: Called Strike 3-1: Foul Ball, location: 2F 3-2: Base on Balls Luke Burnham to second
|
Batting: SHB Luis de Leon
|
0-0: Called Strike 0-1: Ball 1-1: Foul Ball, location: 2F 1-2: Ball 2-2: Ground out 5-3 (Groundball, 15, EV 88.8 MPH)
|
Top of the 2nd over - 1 run, 2 hits, 0 errors, 2 left on base; Cleveland (APP) 1 - Baltimore (APP) 1 |
BOTTOM OF THE 2ND |
Baltimore (APP) Orioles batting - Pitching for Cleveland (APP) Indians : LHP Jim Longley
|
Batting: RHB Pedro Luera
|
0-0: Called Strike 0-1: Foul Ball, location: 2F 0-2: Ground out 5-3 (Groundball, 56S, EV 65.0 MPH)
|
Batting: RHB Jeff Parlo
|
0-0: Ball 1-0: Called Strike 1-1: Ball 2-1: Ball 3-1: Foul Ball, location: 2F 3-2: Strikes out swinging
|
Batting: RHB Mike Trueblood
|
0-0: Ball 1-0: Called Strike 1-1: SINGLE (Line Drive, 6M, EV 103.1 MPH)
|
Batting: LHB Ivan Alvarez
|
0-0: Ball 1-0: Called Strike 1-1: Ball 2-1: Swinging Strike 2-2: Foul Ball, location: 2F 2-2: SINGLE (Groundball, 6MD, EV 98.1 MPH) Mike Trueblood to second Runner from 2nd tries for 3rd, OUT after rundown.
|
Bottom of the 2nd over - 0 runs, 2 hits, 0 errors, 1 left on base; Cleveland (APP) 1 - Baltimore (APP) 1 |
TOP OF THE 3RD |
Cleveland (APP) Indians batting - Pitching for Baltimore (APP) Orioles : LHP Jeff Glover
|
Batting: RHB Quan Tai
|
0-0: Ball 1-0: Called Strike 1-1: Ball 2-1: Ball 3-1: Base on Balls
|
Batting: LHB Mario Garza
|
0-0: Called Strike 0-1: Called Strike 0-2: SINGLE (Groundball, 6M, EV 98.1 MPH) (infield hit) Quan Tai to second
|
Batting: RHB Xavier Bartolani
|
0-0: Called Strike 0-1: Swinging Strike 0-2: Strikes out swinging
|
Batting: RHB Justin Teague
|
0-0: Foul Ball, location: 2F 0-1: Ball 1-1: Ball 2-1: Ball 3-1: Base on Balls Quan Tai to third Mario Garza to second
|
Batting: SHB Jay Rook
|
0-0: Ball 1-0: Foul Ball, location: 2F 1-1: Called Strike 1-2: Ball 2-2: Ball 3-2: DOUBLE (Line Drive, 7LM, EV 90.6 MPH) Quan Tai scores Mario Garza scores Justin Teague to third
|
Batting: RHB Rob Marti
|
0-0: Called Strike 0-1: Ball 1-1: Ball 2-1: Ball 3-1: Base on Balls
|
Batting: RHB Luke Burnham
|
0-0: Ball 1-0: Fly out, F9 (Line Drive, 9S, EV 85.6 MPH)
|
Batting: RHB Cruz Castro
|
0-0: Foul Ball, location: 2F 0-1: Ball Wild Pitch! Justin Teague scores Jay Rook to third Rob Marti to second 1-1: Called Strike 1-2: Ball 2-2: Foul Ball, location: 2F 2-2: Strikes out swinging
|
Top of the 3rd over - 3 runs, 2 hits, 0 errors, 2 left on base; Cleveland (APP) 4 - Baltimore (APP) 1 |
BOTTOM OF THE 3RD |
Baltimore (APP) Orioles batting - Pitching for Cleveland (APP) Indians : LHP Jim Longley
|
Batting: LHB Bryan Davidson
|
0-0: Ball 1-0: Called Strike 1-1: Foul Ball, location: 2F 1-2: Hit by Pitch
|
Batting: RHB Aaron Elliott
|
0-0: Called Strike 0-1: Foul Ball, location: 2F 0-2: Ball 1-2: Strikes out swinging
|
Batting: RHB Adam Beal
|
0-0: Grounds into double play, 5-4-3 (Groundball, 5, EV 78.1 MPH)
|
Bottom of the 3rd over - 0 runs, 0 hits, 0 errors, 0 left on base; Cleveland (APP) 4 - Baltimore (APP) 1 |
TOP OF THE 4TH |
Cleveland (APP) Indians batting - Pitching for Baltimore (APP) Orioles : LHP Jeff Glover
|
Batting: SHB Luis de Leon
|
0-0: Foul Ball, location: 2F 0-1: Fly out, F7 (Flyball, 7, EV 80.0 MPH)
|
Batting: RHB Quan Tai
|
0-0: Foul Ball, location: 2F 0-1: Ball 1-1: Ball 2-1: DOUBLE (Flyball, 8LXD, EV 103.8 MPH)
|
Batting: LHB Mario Garza
|
0-0: Ball 1-0: Called Strike Quan Tai steals 3rd base 1-1: SINGLE (Line Drive, 34, EV 95.0 MPH) Quan Tai scores
|
Pitching: RHP Mark Lloyd
|
|
Batting: RHB Xavier Bartolani
|
0-0: Ball Mario Garza steals 2nd base 1-0: Ball 2-0: Foul Ball, location: 2F 2-1: Foul Ball, location: 2F 2-2: Fly out, F8 (Flyball, 8RM, EV 89.4 MPH)
|
Batting: RHB Justin Teague
|
0-0: Ball 1-0: Ball 2-0: Ground out 5-3 (Groundball, 56, EV 82.5 MPH)
|
Top of the 4th over - 1 run, 2 hits, 0 errors, 1 left on base; Cleveland (APP) 5 - Baltimore (APP) 1 |
BOTTOM OF THE 4TH |
Baltimore (APP) Orioles batting - Pitching for Cleveland (APP) Indians : LHP Jim Longley
|
Batting: LHB Robert Ortiz
|
0-0: Foul Ball, location: 2F 0-1: Called Strike 0-2: Ball 1-2: Strikes out swinging
|
Batting: RHB Matt Wallace
|
0-0: Swinging Strike 0-1: Ball 1-1: Called Strike 1-2: Foul Ball, location: 2F 1-2: Strikes out swinging
|
Batting: RHB Pedro Luera
|
0-0: Called Strike 0-1: Foul Ball, location: 2F 0-2: Ball 1-2: Ground out 6-3 (Groundball, 6, EV 81.9 MPH)
|
Bottom of the 4th over - 0 runs, 0 hits, 0 errors, 0 left on base; Cleveland (APP) 5 - Baltimore (APP) 1 |
TOP OF THE 5TH |
Cleveland (APP) Indians batting - Pitching for Baltimore (APP) Orioles : RHP Mark Lloyd
|
Batting: SHB Jay Rook
|
0-0: Swinging Strike 0-1: Called Strike 0-2: Foul Ball, location: 2F 0-2: Foul Ball, location: 2F 0-2: Ball 1-2: Foul Ball, location: 2F 1-2: Ball 2-2: Ball 3-2: Base on Balls
|
Batting: RHB Rob Marti
|
0-0: Called Strike 0-1: Ball 1-1: Foul Ball, location: 2F 1-2: Ball 2-2: Foul Ball, location: 2F 2-2: Strikes out swinging
|
Batting: RHB Luke Burnham
|
0-0: DOUBLE (Flyball, 78D, EV 102.5 MPH) Jay Rook to third
|
Batting: RHB Cruz Castro
|
0-0: Called Strike 0-1: Foul Ball, location: 2F 0-2: Foul Ball, location: 2F 0-2: Strikes out swinging
|
Batting: SHB Luis de Leon
|
0-0: Foul Ball, location: 2F 0-1: Ball 1-1: SINGLE (Flyball, 6D, EV 96.2 MPH) Jay Rook scores Luke Burnham to third
|
Batting: RHB Quan Tai
|
0-0: Called Strike 0-1: Foul Ball, location: 2F 0-2: Foul Ball, location: 2F 0-2: Ball 1-2: Foul Ball, location: 2F 1-2: Ball 2-2: Ball 3-2: Ground out 6-3 (Groundball, 6, EV 90.6 MPH)
|
Top of the 5th over - 1 run, 2 hits, 0 errors, 2 left on base; Cleveland (APP) 6 - Baltimore (APP) 1 |
BOTTOM OF THE 5TH |
Baltimore (APP) Orioles batting - Pitching for Cleveland (APP) Indians : LHP Jim Longley
|
Batting: RHB Jeff Parlo
|
0-0: Ground out 4-3 (Groundball, 34, EV 90.0 MPH)
|
Batting: RHB Mike Trueblood
|
0-0: Called Strike 0-1: Ball 1-1: Fly out, F7 (Flyball, 7D, EV 96.2 MPH)
|
Batting: LHB Ivan Alvarez
|
0-0: Fly out, F4 (Line Drive, 4D, EV 70.0 MPH)
|
Bottom of the 5th over - 0 runs, 0 hits, 0 errors, 0 left on base; Cleveland (APP) 6 - Baltimore (APP) 1 |
TOP OF THE 6TH |
Cleveland (APP) Indians batting - Pitching for Baltimore (APP) Orioles : RHP Mark Lloyd
|
Batting: LHB Mario Garza
|
0-0: Ball 1-0: Ball 2-0: Called Strike 2-1: Swinging Strike 2-2: Strikes out swinging
|
Pitching: RHP Xavier Martin
|
|
Batting: RHB Xavier Bartolani
|
0-0: Ball 1-0: Ball 2-0: Swinging Strike 2-1: Foul Ball, location: 2F 2-2: Foul Ball, location: 2F 2-2: Ground out 6-3 (Groundball, 56, EV 87.5 MPH)
|
Batting: RHB Justin Teague
|
0-0: Ball 1-0: Ball 2-0: Called Strike 2-1: Ball 3-1: Base on Balls
|
Batting: SHB Jay Rook
|
0-0: Called Strike 0-1: Ball 1-1: Fly out, F7 (Flyball, 7, EV 90.0 MPH)
|
Top of the 6th over - 0 runs, 0 hits, 0 errors, 1 left on base; Cleveland (APP) 6 - Baltimore (APP) 1 |
BOTTOM OF THE 6TH |
Baltimore (APP) Orioles batting - Pitching for Cleveland (APP) Indians : LHP Jim Longley
|
Batting: LHB Bryan Davidson
|
0-0: SINGLE (Groundball, 4MD, EV 98.1 MPH)
|
Batting: RHB Aaron Elliott
|
0-0: Called Strike 0-1: Ball 1-1: Called Strike 1-2: Ball 2-2: Foul Ball, location: 2F 2-2: Strikes out swinging
|
Batting: RHB Adam Beal
|
0-0: Called Strike 0-1: Ball 1-1: Ball 2-1: Swinging Strike 2-2: Foul Ball, location: 2F 2-2: Strikes out looking
|
Pitching: RHP Ricardo Torres
|
|
Batting: LHB Robert Ortiz
|
0-0: Foul Ball, location: 2F 0-1: Ball 1-1: Ball 2-1: Ball 3-1: Base on Balls Bryan Davidson to second
|
Batting: RHB Matt Wallace
|
0-0: Called Strike 0-1: Ball 1-1: SINGLE (Line Drive, 5D, EV 97.5 MPH) Bryan Davidson to third Robert Ortiz to second
|
Batting: RHB Pedro Luera
|
0-0: Foul Ball, location: 2F 0-1: Swinging Strike 0-2: Foul Ball, location: 2F 0-2: Ball Wild Pitch! Bryan Davidson scores Robert Ortiz to third Matt Wallace to second 1-2: Ball 2-2: Foul Ball, location: 2F 2-2: Ball 3-2: Strikes out swinging
|
Bottom of the 6th over - 1 run, 2 hits, 0 errors, 2 left on base; Cleveland (APP) 6 - Baltimore (APP) 2 |
TOP OF THE 7TH |
Cleveland (APP) Indians batting - Pitching for Baltimore (APP) Orioles : RHP Xavier Martin
|
Batting: RHB Rob Marti
|
0-0: Ball 1-0: DOUBLE (Groundball, 5L, EV 101.2 MPH)
|
Batting: RHB Luke Burnham
|
0-0: Ball 1-0: Called Strike 1-1: Ball 2-1: Swinging Strike 2-2: 2-RUN HOME RUN (Line Drive, 7D, EV 103.8 MPH), Distance : 410 ft
|
Batting: RHB Cruz Castro
|
0-0: Called Strike 0-1: Hit by Pitch
|
Batting: SHB Luis de Leon
|
0-0: Swinging Strike 0-1: Foul Ball, location: 2F 0-2: Strikes out looking
|
Batting: RHB Quan Tai
|
0-0: Ball 1-0: Ball 2-0: Ball 3-0: Base on Balls Cruz Castro to second
|
Batting: LHB Mario Garza
|
0-0: Called Strike 0-1: Called Strike 0-2: Ball 1-2: Strikes out swinging
|
Batting: RHB Xavier Bartolani
|
0-0: Ball 1-0: Foul Ball, location: 2F 1-1: Foul Ball, location: 2F 1-2: Strikes out looking
|
Top of the 7th over - 2 runs, 2 hits, 0 errors, 2 left on base; Cleveland (APP) 8 - Baltimore (APP) 2 |
BOTTOM OF THE 7TH |
Baltimore (APP) Orioles batting - Pitching for Cleveland (APP) Indians : RHP Ricardo Torres
|
Batting: RHB Jeff Parlo
|
0-0: Ball 1-0: Ball 2-0: Foul Ball, location: 2F 2-1: Ball 3-1: Foul Ball, location: 2F 3-2: Strikes out swinging
|
Batting: RHB Mike Trueblood
|
0-0: SINGLE (Line Drive, 8RS, EV 88.8 MPH)
|
Pitching: RHP David Aldape
|
|
Batting: LHB Ivan Alvarez
|
0-0: Called Strike 0-1: Ball 1-1: Ball 2-1: Fielders Choice at 2nd, 6-4 (Groundball, 6S, EV 92.5 MPH)
|
Pitching: LHP David Ayala
|
|
Batting: LHB Bryan Davidson
|
0-0: Called Strike 0-1: Ball 1-1: Ball 2-1: SINGLE (Groundball, 6D, EV 97.5 MPH) Ivan Alvarez to second
|
Pitching: RHP Roberto Lamadrid
|
|
Batting: RHB Aaron Elliott
|
0-0: Ball 1-0: Ball 2-0: Fielders Choice at 2nd, 5-4 (Groundball, 5, EV 87.5 MPH)
|
Bottom of the 7th over - 0 runs, 2 hits, 0 errors, 2 left on base; Cleveland (APP) 8 - Baltimore (APP) 2 |
TOP OF THE 8TH |
Cleveland (APP) Indians batting - Pitching for Baltimore (APP) Orioles : RHP Xavier Martin
|
Batting: RHB Justin Teague
|
0-0: Ball 1-0: Ball 2-0: SINGLE (Groundball, 56D, EV 105.6 MPH)
|
Batting: SHB Jay Rook
|
0-0: Called Strike 0-1: Ball 1-1: Foul Ball, location: 2F 1-2: Foul Ball, location: 2F 1-2: 2-RUN HOME RUN (Line Drive, 7D, EV 95.0 MPH), Distance : 390 ft
|
Batting: RHB Rob Marti
|
0-0: Called Strike 0-1: Called Strike 0-2: Ball 1-2: Ground out 5-3 (Groundball, 25, EV 83.8 MPH)
|
Pinch Hitting: LHB Mesfin Azagba
|
0-0: Ground out 5-3 (Groundball, 56S, EV 66.9 MPH)
|
Batting: RHB Cruz Castro
|
0-0: Ball 1-0: Ball 2-0: Ball 3-0: Called Strike 3-1: Called Strike 3-2: Foul Ball, location: 2F 3-2: Reached on error, E6 (Groundball, 6, EV 103.1 MPH)
|
Pitching: RHP J.J. Maetzold
|
|
Batting: SHB Luis de Leon
|
0-0: Called Strike 0-1: Called Strike 0-2: Foul Ball, location: 2F 0-2: Strikes out looking
|
Top of the 8th over - 2 runs, 2 hits, 1 error, 1 left on base; Cleveland (APP) 10 - Baltimore (APP) 2 |
BOTTOM OF THE 8TH |
Baltimore (APP) Orioles batting - Pitching for Cleveland (APP) Indians : RHP Roberto Lamadrid
|
Now at 3B: Mesfin Azagba
|
|
Batting: RHB Adam Beal
|
0-0: Ball 1-0: Foul Ball, location: 2F 1-1: Ball 2-1: Ball 3-1: Swinging Strike 3-2: Strikes out swinging
|
Batting: LHB Robert Ortiz
|
0-0: Ball 1-0: Ball 2-0: Fly out, F7 (Flyball, 78M, EV 95.6 MPH)
|
Batting: RHB Matt Wallace
|
0-0: Ball 1-0: Ball 2-0: Called Strike 2-1: Ball 3-1: Base on Balls
|
Batting: RHB Pedro Luera
|
0-0: Ground out 4-3 (Groundball, 4, EV 104.4 MPH)
|
Bottom of the 8th over - 0 runs, 0 hits, 0 errors, 1 left on base; Cleveland (APP) 10 - Baltimore (APP) 2 |
TOP OF THE 9TH |
Cleveland (APP) Indians batting - Pitching for Baltimore (APP) Orioles : RHP J.J. Maetzold
|
Pitching: RHP Dave Patenaude
|
|
Batting: RHB Quan Tai
|
0-0: Called Strike 0-1: Called Strike 0-2: Ball 1-2: SINGLE (Groundball, 6MD, EV 108.8 MPH)
|
Batting: LHB Mario Garza
|
0-0: Ball 1-0: Called Strike 1-1: Ball 2-1: Foul Ball, location: 2F 2-2: Strikes out swinging
|
Batting: RHB Xavier Bartolani
|
0-0: Fly out, F9 (Flyball, 9, EV 92.5 MPH)
|
Batting: RHB Justin Teague
|
0-0: Called Strike 0-1: Ball 1-1: Fielders Choice at 2nd, 6-4 (Groundball, 6, EV 87.5 MPH)
|
Top of the 9th over - 0 runs, 1 hit, 0 errors, 1 left on base; Cleveland (APP) 10 - Baltimore (APP) 2 |
BOTTOM OF THE 9TH |
Baltimore (APP) Orioles batting - Pitching for Cleveland (APP) Indians : RHP Roberto Lamadrid
|
Pinch Hitting: LHB Shane Cruse
|
0-0: Ball 1-0: Ground out U3 (Groundball, 3S, EV 69.4 MPH)
|
Batting: RHB Mike Trueblood
|
0-0: Ball 1-0: Called Strike 1-1: Ball 2-1: Ball 3-1: Called Strike 3-2: Ground out 6-3 (Groundball, 6, EV 91.9 MPH)
|
Pinch Hitting: RHB Javier Brizuela
|
0-0: DOUBLE (Flyball, 78D, EV 93.8 MPH)
|
Batting: LHB Bryan Davidson
|
0-0: Ball 1-0: Called Strike 1-1: Ball 2-1: Called Strike 2-2: Foul Ball, location: 2F 2-2: Ball 3-2: Foul Ball, location: 2F 3-2: Strikes out swinging
|
Bottom of the 9th over - 0 runs, 1 hit, 0 errors, 1 left on base; Cleveland (APP) 10 - Baltimore (APP) 2 |
|